 Dungeon Crawl Stone Soup version 0.30-a0-347-gf58ed5266c (webtiles) character file.

Game seed: 1107469094014615052

18 jfcaron the Chopper (level 2, -1/25 HPs)
             Began as a Hill Orc Gladiator on Nov 6, 2022.
             Slain by a black bear (4 damage)
             ... on level 2 of the Dungeon.
             The game lasted 00:02:01 (828 turns).

jfcaron the Chopper (Hill Orc Gladiator)             Turns: 828, Time: 00:02:03

Health: -1/25      AC:  5    Str: 16    XL:     2   Next: 66%
Magic:  2/2        EV: 12    Int:  8    God:
Gold:   27         SH:  0    Dex: 12    Spells: 1/1 levels left

rFire   . . .      SeeInvis .    a - +0 war axe
rCold   . . .      Faith    .    (no shield)
rNeg    . . .      Spirit   .    b - +0 leather armour
rPois   .          Reflect  .    c - +0 helmet
rElec   .          Harm     .    i - +0 cloak
rCorr   .          Rampage  .    (no gloves)
Will    .....                    (no boots)
Stlth   +.........               j - amulet of regeneration
HPRegen 1.04/turn                (no ring)
MPRegen 0.08/turn                (no ring)

@: no status effects
A: no striking features
a: no special abilities


You were on level 2 of the Dungeon.
You visited 1 branch of the dungeon, and saw 2 of its levels.

You collected 27 gold pieces.

Inventory:

Hand Weapons
 a - a +0 war axe (weapon)
Missiles
 d - 2 throwing nets {!f}
 h - 12 stones
Armour
 b - a +0 leather armour (worn)
 c - a +0 helmet (worn)
 i - a +0 cloak (worn)
Jewellery
 j - an amulet of regeneration (around neck)
Scrolls
 g - 2 scrolls of identify {unknown}
 l - a scroll of blinking {unknown}
 m - a scroll of enchant armour {unknown}
Potions
 f - a potion of haste {unknown}
 k - a potion of curing {unknown}
 n - a potion of attraction {unknown}


   Skills:
 + Level 2.8 Fighting
 + Level 4.2 Axes
 - Level 2.0 Throwing
 + Level 0.9 Armour
 + Level 2.5 Dodging


You had one spell level left.
You didn't know any spells.
Your spell library was empty.

Dungeon Overview and Level Annotations

Branches:
Dungeon (2/15)

Altars:


Message History

The black bear is moderately wounded.
A giant cockroach comes into view.
Throw: 13 stones
Press: ? - help, Shift-Dir - straight line, f/p - black bear
Aim: a black bear (moderately wounded, 67% to hit)
You throw a stone.
The stone hits the black bear but does no damage.
The black bear is moderately wounded.
Unknown command.
Throw: 3 throwing nets {!f}
Press: ? - help, Shift-Dir - straight line, f/p - black bear
Aim: a black bear (moderately wounded, 67% to hit)
You throw a throwing net {!f}.
The throwing net {!f} hits the black bear.
The black bear is caught in the net!
The black bear is moderately wounded.
The black bear struggles against the net.
You hit the black bear.
The black bear is moderately wounded.
The black bear struggles against the net.
You slash the black bear!
The black bear is severely wounded.
The black bear goes berserk!
The black bear struggles against the net.
The giant cockroach waves its antennae.
You catch the helpless black bear completely off-guard!
You hit the black bear.
The black bear is almost dead.
You hit the giant cockroach.
You kill the giant cockroach!
The black bear struggles against the net.
The net rips apart, and the black bear comes free!
You hit the black bear.
The black bear is almost dead.
The black bear bites you! The black bear claws you. x2
* * * LOW HITPOINT WARNING * * *
The black bear closely misses you. The black bear claws you.
* * * LOW HITPOINT WARNING * * *
The black bear claws you.
You die...

#(# $.... #.#$#
# #.#.# #.#.#..
. #.#.#.####..
#...#.......
#####h#....#..
#.....@.......
#.......#.......
###.#....$..#...
# #.....#.# .
#######.# #


You could see a black bear (berserk).

Vanquished Creatures
  3 ball pythons (D:1)
  2 endoplasms (D:1)
  A giant cockroach (D:2)
  2 hobgoblins (D:1)
  A quokka (D:1)
  4 kobolds (D:1)
  4 rats (D:1)
17 creatures vanquished.

Notes
Turn   | Place    | Note
-------+----------+-------------------------------------------
     0 | D:1      | jfcaron the Hill Orc Gladiator began the quest for the Orb.
     0 | D:1      | Reached XP level 1. HP: 18/18 MP: 1/1
   336 | D:1      | Reached XP level 2. HP: 25/25 MP: 2/2
   819 | D:2      | Noticed a black bear
   828 | D:2      | HP: 3/25 [black bear (4)]
   828 | D:2      | Slain by a black bear

Illustrated notes

Levels and vault maps discovered:
D:1:      dpeg_arrival_houses_and_road, layout_basic
D:2:      layout_basic, basic_altar

Skill      XL: |  1  2 |
---------------+-------+-----
Throwing       | 2 |  2.0
Fighting       | |  2.8
Axes           | |  4.2
Armour         | |  0.9
Dodging        | |  2.5

Action                   || total
-------------------------++-------
Melee: War axe           ||    51
       Punch             ||     1
Throw: Stone             ||     2
       Javelin           ||     1
       Throwing net      ||     1
 Stab: Held in net/web   ||     1
       Sleeping          ||     1
Armor: Leather armour    ||    17
Dodge: Dodged            ||    22

Table legend: (Time is in decaauts)
 A = Elapsed time spent in this place.
 B = Non-inter-level travel time spent in this place.
 C = Inter-level travel time spent in this place.
 D = Time resting spent in this place.
 E = Time spent auto-exploring this place.
 F = Levels seen in this place.
 G = Mean time per level.
                   A        B        C        D        E       F      G
               +--------+--------+--------+--------+--------+-----+--------+
         Total |    842 |    810 |     32 |     62 |    602 |   2 |  421.0 |
       Dungeon |    842 |    810 |     32 |     62 |    602 |   2 |  421.0 |
               +--------+--------+--------+--------+--------+-----+--------+

Top non-repeatable levels by time:
     D:1: 832 daAuts
     D:2: 9 daAuts
